 Dungeon Crawl Stone Soup version 0.28.0-45-g0d030f2227 (webtiles) character file.

Game seed: 16113378544405794372

103122 pkoi the Prestidigitator (level 15, -2/75 HPs)
             Began as a Spriggan Air Elementalist on Apr 10, 2022.
             Was an Initiate of Gozag.
             Slain by a goliath frog (18 damage)
             ... on level 2 of the Swamp on Apr 11, 2022.
             The game lasted 01:11:37 (46070 turns).

pkoi the Prestidigitator (SpAE)                    Turns: 46070, Time: 01:11:39

Health: -2/75      AC:  1    Str:  9    XL:     15   Next: 88%
Magic:  20/40      EV: 24    Int: 26    God:    Gozag
Gold:   1333       SH:  0    Dex: 16    Spells: 5/37 levels left

rFire   + . .      SeeInvis +   u - +3 hand crossbow "Undertaker" {freeze, Will+ Int+2 Stlth+}
rCold   + . .      Faith    .   (no shield)
rNeg    . . .      Spirit   .   Y - +2 robe {rC+ rF+}
rPois   +          Reflect  .   (helmet restricted)
rElec   .          Harm     .   S - +0 cloak
rCorr   .          Rampage  .   (gloves unavailable)
Will    +++..                   (boots unavailable)
Stlth   +++++.....              I - amulet "Dexuv" {+Inv Regen+}
HPRegen 1.02/turn               O - ring of Woavuime {rPois Str+5}
MPRegen 0.27/turn               E - ring of magical power

@: corroded, gold aura, slowed, quick
A: very small, no large weapons, unfitting armour, see invisible, speed 3
a: Renounce Religion, Evoke Invisibility, Potion Petition, Call Merchant, Bribe
Branch


You were on level 2 of the Swamp.
You worshipped Gozag.
Gozag was most pleased with you.
You visited 4 branches of the dungeon, and saw 22 of its levels.
You also visited: Bailey.

You collected 6620 gold pieces.
You spent 1592 gold pieces at shops.
You paid 3695 gold pieces to Gozag.

Inventory:

Hand Weapons
 u - the +3 hand crossbow "Undertaker" (weapon) {freeze, Will+ Int+2 Stlth+}
   (You took it off an orc on level 5 of the Dungeon)

   Any ammunition fired from it freezes those it strikes, dealing additional
   cold damage.
   It can also slow down cold-blooded creatures.
   Int:       It affects your intelligence (+2).
   Will:      It increases your willpower.
   Stlth:     It makes you more stealthy.
Missiles
 d - 95 bolts (quivered ammo)
 f - 8 throwing nets
 M - 2 datura-tipped darts
 V - 6 curare-tipped darts
Armour
 i - an orb of energy
 F - a +1 robe of positive energy
 S - a +0 cloak (worn)
 Y - a +2 robe of resistance (worn)
Magical Staves
 q - a staff of cold
Jewellery
 a - a ring of fire
 k - a +6 ring of intelligence
 m - a ring of positive energy
 E - a ring of magical power (right hand)
 I - the amulet "Dexuv" (around neck) {+Inv Regen+}
   (You bought it in a shop on level 5 of the Lair of Beasts)

   [amulet of regeneration]

   +Inv:      It lets you turn invisible.
   Regen:     It increases your rate of health regeneration.
 L - a ring of ice
 O - the ring of Woavuime (left hand) {rPois Str+5}
   (You bought it in a shop on level 5 of the Lair of Beasts)

   [ring of poison resistance]

   Str:       It affects your strength (+5).
   rPois:     It protects you from poison.
 W - an amulet of magic regeneration
Wands
 e - a wand of acid (15)
 p - a wand of iceblast (22)
 A - a wand of polymorph (12)
 B - a wand of flame (25)
 C - a wand of mindburst (8)
 P - a wand of charming (3)
 R - a wand of paralysis (9)
Scrolls
 h - 2 scrolls of enchant armour
 n - 2 scrolls of blinking
 o - a scroll of summoning
 r - 2 scrolls of magic mapping
 t - 4 scrolls of fear
 x - 3 scrolls of teleportation
 y - 4 scrolls of fog
 G - 2 scrolls of amnesia
 H - 3 scrolls of brand weapon
 K - 5 scrolls of holy word
 N - 2 scrolls of immolation
 U - 5 scrolls of identify
Potions
 b - 5 potions of curing
 c - 4 potions of ambrosia
 g - a potion of lignification {unknown}
 j - 2 potions of cancellation
 l - 3 potions of heal wounds
 s - 2 potions of haste
 v - 2 potions of invisibility
 w - a potion of flight
 z - 3 potions of attraction
 J - a potion of resistance
 T - 2 potions of might


   Skills:
 + Level 7.1 Fighting
 + Level 11.3 Dodging
 - Level 9.0 Stealth
 + Level 11.6 Spellcasting
 - Level 8.0 Conjurations
 + Level 11.5 Translocations
 + Level 9.7 Transmutations
 - Level 3.2 Ice Magic
 + Level 11.0 Air Magic
 - Level 7.7 Poison Magic
 + Level 14.7 Evocations


You had 5 spell levels left.
You knew the following spells:

 Your Spells              Type           Power      Damage    Failure   Level
a - Shock                 Conj/Air       100%       1d9       1%          1
b - Static Discharge      Conj/Air       59%        N/A       1%          2
c - Airstrike             Air            32%        N/A       1%          4
d - Poisonous Vapours     Pois/Air       100%       N/A       1%          2
e - Olgreb's Toxic Radia  Pois           53%        N/A       1%          4
f - Lightning Bolt        Conj/Air       29%        1d46      2%          5
g - Iskenderun's Mystic   Conj/Tloc      60%        2d13      1%          4
h - Irradiate             Conj/Tmut      28%        3d22      2%          5
i - Freezing Cloud        Conj/Ice/Air   26%        6-21      5%          5

Your spell library contained the following spells:

 Spells                   Type           Power      Damage    Failure   Level
 Foxfire                  Conj/Fire      100%       2x1d9     1%          1
 Sting                    Tmut/Pois      100%       1d8       1%          1
 Wereblood                Tmut           60%        N/A       1%          2
 Spider Form              Tmut/Pois      57%        N/A       1%          3
 Swiftness                Air            64%        N/A       1%          3
 Conjure Flame            Conj/Fire      35%        6-21      2%          3
 Dazzling Flash           Conj/Hex       70%        N/A       2%          3
 Ensorcelled Hibernation  Hex/Ice        46%        N/A       3%          2
 Ozocubu's Armour         Ice            32%        N/A       3%          3
 Pain                     Necr           60%        1d7       4%          1
 Petrify                  Tmut/Erth      40%        N/A       5%          4
 Sublimation of Blood     Necr           15%        N/A       6%          2
 Flame Wave               Conj/Fire      35%        2d8       8%          4
 Inner Flame              Hex/Fire       15%        N/A       12%         3
 Tukima's Dance           Hex            15%        N/A       12%         3
 Anguish                  Hex/Necr       7%         N/A       36%         4
 Borgnjor's Vile Clutch   Necr/Erth      7%         N/A       73%         5
 Excruciating Wounds      Necr           7%         N/A       73%         5
 Eringya's Noxious Bog    Tmut/Pois      28%        N/A       17%         6
 Storm Form               Tmut/Air       31%        N/A       43%         7
 Starburst                Conj/Fire      17%        6d6       75%         6
 Maxwell's Capacitive Co  Air            32%        ∞         95%         8
 Enfeeble                 Hex            7%         N/A       100%        7
 Ozocubu's Refrigeration  Ice            16%        4d8       100%        7
 Borgnjor's Revivificati  Necr           7%         N/A       100%        8


Dungeon Overview and Level Annotations

Branches:
Dungeon (13/15)            Temple (1/1) D:7            Lair (6/6) D:9
  Swamp (2/4) Lair:3       Spider (0/4) Lair:3        Slime (0/5) Lair:5
    Orc (0/2) D:11         Bailey (visited)
 Vaults: D:13-14

Altars:
Ashenzari
Cheibriados
Dithmenos
Elyvilon
Fedhas
Gozag
Hepliaklqana
Kikubaaqudgha
Makhleb
Nemelex Xobeh
Okawaru
Qazlal
Ru
Sif Muna
Trog
Uskayaw
Vehumet
Wu Jian
Xom
Yredelemnul
Zin
The Shining One
Jiyva
Lugonu

Shops:
D:5 *   D:6 *   D:9 [   D:11 [   D:12 *   Lair:3 *   Lair:5 =

Portals:
Abyss: Lair:6

Annotations:
D:8 2 transporters
D:9 1 runed translucent door, issech's ghost, novice TrMo
D:13 Snorg
Lair:4 3 runed translucent doors, Wairalebb's ghost, journeyman BaFi
Swamp:1 3 runed translucent doors, TickTock's ghost, journeyman MiBe


Innate Abilities, Weirdness & Mutations

You are very small and have problems with some larger weapons.
You are too small for most types of armour.
You have supernaturally acute eyesight. (SInv)
You cover ground extremely quickly. (Speed+++)


Message History

Aim: a spriggan rider, wielding a +0 spear and quivering curare-tipped darts
Okay, then.
Casting: Poisonous Vapours (safe; 1% risk of failure)
Confirm with . or Enter, or press ? or * to list all spells.
You begin to radiate toxic energy.
The spriggan rider is poisoned.
The goliath frog is poisoned.
The spriggan rider looks even sicker.
The goliath frog looks even sicker.
Unknown command.
You enter the shallow water.
Moving in this stuff is going to be slow.
The goliath frog looks even sicker.
Your toxic aura wanes.
The spriggan rider throws a curare-tipped dart.
The curare-tipped dart completely misses you.
The spriggan rider hits you from afar with a +0 spear.
The spriggan rider completely misses you.
A goliath frog comes into view.
The spriggan rider misses you.
The spriggan rider throws a curare-tipped dart.
The curare-tipped dart hits you.
You have difficulty breathing.
You feel yourself slow down. The goliath frog hits you from afar!
* * * LOW HITPOINT WARNING * * *
The acid corrodes you!
You are splashed with acid.
* * * LOW HITPOINT WARNING * * *
The goliath frog hits you from afar.
* * * LOW HITPOINT WARNING * * *
You are splashed with acid!
* * * LOW HITPOINT WARNING * * *
The spriggan rider hits you from afar with a +0 spear!
* * * LOW HITPOINT WARNING * * *
There is a stone staircase leading up, spattered with blood here.
The goliath frog misses you.
The goliath frog is distracted by your dazzling golden aura.
The spriggan rider throws a curare-tipped dart.
The curare-tipped dart barely misses you.
The curare-tipped dart hits the goliath frog.
The goliath frog is poisoned.
The goliath frog convulses.
The goliath frog seems to slow down.
The goliath frog hits you from afar!!
You die...
Your body crumbles into a pile of gold.

♣ ♣.♣ ♣≈♣♣..♣ ♣♣ ♣.♣
♣§♣♣..♣ $ .♣ ♣.♣♣
♣≈≈..♣♣ §♣ ♣..♣ ♣.≈≈.♣
.♣♣ ♣.≈♣ ♣≈≈≈≈♣ ..♣♣♣.§♣
♣.≈≈.♣ ...♣.♣.♣♣ ♣.≈Fi♣
.≈.♣♣...♣ ♣.≈..♣
.≈..♣.≈≈♣ ♣♣.≈@♣♣♣
......≈≈♣♣ ♣♣≈.≈.≈≈♣
..≈.♣.≈..♣♣♣.≈.F≈≈≈♣
.≈≈≈...≈.>.≈≈≈♣.≈≈..≈.
≈.≈≈♣.≈≈≈.≈.≈♣≈.≈≈≈.≈..
.≈≈≈≈...≈.(.≈§.≈≈§..≈.♣♣
≈≈≈≈.♣♣.≈≈§.≈§..≈≈≈≈≈♣♣
§.>..≈♣.≈≈≈≈.≈≈..§.≈≈♣
≈.♣≈≈≈♣.≈≈(≈.≈≈.♣♣≈≈≈♣


You could see a spriggan rider (poisoned) and 2 goliath frogs.

Vanquished Creatures
  Jorgrun (D:13)
  4 eleionomae
  2 boulder beetles
  15 hydras
  2 centaur warriors (D:13)
  3 alligators
  4 two-headed ogres
  A death yak (Lair:4)
  4 thrashing horrors (Lair:6)
  Urug (Lair:4)
  Sonja (D:11)
  A goliath frog (Swamp:1)
  A spriggan druid (Swamp:1)
  A glowing orange brain (shapeshifter) (Lair:6)
  A death drake (Swamp:1)
  2 bog bodies
  An orc knight (D:13)
  2 deep elf pyromancers
  An oklob plant (Lair:3)
  A wolf spider (shapeshifter) (Lair:6)
  4 cyclopes
  A manticore (D:12)
  3 will-o-the-wisps
  3 ugly things
  16 elephants
  A black mamba (Lair:6)
  Maurice (D:9)
  16 cane toads
  A torpor snail (Lair:4)
  3 gargoyles
  5 komodo dragons
  An efreet (D:13)
  A tengu conjurer (D:13)
  4 rime drakes
  7 trolls
  A bloated husk (Swamp:1)
  2 polar bears
  An ancient zyme (Lair:6)
  A queen bee (shapeshifter) (Lair:6)
  5 tyrant leeches
  2 hornets (Swamp:1)
  6 slime creatures (D:10)
  32 blink frogs
  11 dream sheep (Lair:6)
  Grinder (D:4)
  Sigmund (D:4)
  2 shadows
  3 wraiths
  A vampire (D:11)
  4 spriggans
  61 yaks
  3 basilisks (Lair:6)
  6 wyverns
  A steam dragon (D:9)
  3 large abominations (Lair:6)
  3 chaos spawn (Lair:6)
  Grum (Bailey)
  A redback (shapeshifter) (Lair:6)
  6 vampire mosquitoes
  A warg (D:13)
  19 water moccasins
  5 swamp worms
  Duvessa (D:6)
  9 orc warriors
  A swamp drake (Swamp:1)
  2 ice beasts (D:6)
  A black bear (Lair:2)
  An ogre (D:11)
  2 necrophages
  The ghost of OrbIsHorse the Poker, an amateur MfGl (D:3)
  4 centaurs
  22 wolves
  A phantom (D:6)
  Blork the orc (D:6)
  2 kobold brigands (D:8)
  6 gnoll sergeants (Bailey)
  10 bullfrogs
  2 wyvern zombies
  A scorpion (D:5)
  Dowan (D:6)
  A killer bee (shapeshifter) (D:13)
  3 howler monkeys
  6 centaur zombies
  14 jellies
  3 hounds
  6 orc priests
  7 gnoll shamans
  3 bullfrog skeletons
  A centaur skeleton (D:6)
  An iguana (D:3)
  14 orc wizards
  9 small abominations (Lair:6)
  24 gnolls
  An adder (D:6)
  3 worms
  6 dart slugs
  49 orcs
  7 bats
  4 endoplasms
  11 giant cockroaches
  9 goblins
  8 hobgoblins
  5 jackals
  18 kobolds
  2 quokkas
  6 ball pythons
  A frilled lizard (D:2)
  3 rats
  A bush (Lair:3)
593 creatures vanquished.

Vanquished Creatures (collateral kills)
  A bat (D:2)
1 creature vanquished.

Vanquished Creatures (others)
  4 bushes (D:9)
  3 foxfires
  42 fungi
  66 plants
115 creatures vanquished.

Grand Total: 709 creatures vanquished

Notes
Turn   | Place    | Note
-------+----------+-------------------------------------------
     0 | D:1      | pkoi the Spriggan Air Elementalist began the quest for the
                  | Orb.
     0 | D:1      | Reached XP level 1. HP: 9/9 MP: 5/5
   288 | D:1      | Reached XP level 2. HP: 13/13 MP: 1/7
  1250 | D:1      | Reached XP level 3. HP: 16/16 MP: 5/9
  1253 | D:1      | Learned a level 2 spell: Static Discharge
  1675 | D:2      | Found a shimmering altar of Xom.
  2023 | D:2      | Found a faded altar of an unknown god.
  2733 | D:3      | Reached skill level 1 in Conjurations
  3027 | D:3      | Found a burning altar of Makhleb.
  3319 | D:3      | Reached XP level 4. HP: 21/21 MP: 0/11
  3624 | D:3      | Reached skill level 1 in Evocations
  3816 | D:2      | Learned a level 4 spell: Airstrike
  4028 | D:3      | Found a runed translucent door.
  4033 | D:3      | Noticed OrbIsHorse's ghost (amateur MfGl)
  4073 | D:3      | Learned a level 2 spell: Poisonous Vapours
  4501 | D:3      | Reached XP level 5. HP: 21/24 MP: 5/12
  4690 | D:3      | Killed OrbIsHorse's ghost
  4691 | D:3      | Reached skill level 1 in Poison Magic
  5081 | D:4      | Noticed Grinder
  5101 | D:5      | Entered Level 5 of the Dungeon
  5279 | D:4      | Noticed Sigmund
  5436 | D:4      | Killed Sigmund
  5437 | D:4      | Reached skill level 5 in Spellcasting
  5437 | D:4      | Reached skill level 3 in Evocations
  5437 | D:4      | Reached XP level 6. HP: 17/28 MP: 0/14
  5750 | D:4      | Found a blossoming altar of Fedhas.
  5831 | D:4      | Killed Grinder
  5832 | D:4      | Reached skill level 4 in Evocations
  5832 | D:4      | Reached XP level 7. HP: 32/32 MP: 8/16
  6643 | D:5      | Identified the +3 hand crossbow "Undertaker" {freeze, Will+
                  | Int+2 Stlth+}
  6643 | D:5      | Identified the +0 leather armour of Miefruerr {rPois}
  6749 | D:5      | Reached skill level 5 in Air Magic
  6965 | D:5      | Reached skill level 5 in Evocations
  7209 | D:5      | Found an ancient bone altar of Kikubaaqudgha.
  7323 | D:5      | Reached XP level 8. HP: 10/36 MP: 15/18
  7824 | D:5      | Found Maosol's Assorted Antiques.
  8127 | D:6      | Found an opulent altar of Gozag.
  8397 | D:6      | Reached skill level 6 in Evocations
  8409 | D:6      | Became a worshipper of Gozag Ym Sagoz the Greedy
  8673 | D:6      | Found Suna's Lightly-Used Armoury.
  8706 | D:6      | Noticed Dowan
  8708 | D:6      | Noticed Duvessa
  8731 | D:6      | Killed Dowan
  8733 | D:6      | Killed Duvessa
  9072 | D:6      | Noticed Blork the orc
  9079 | D:6      | Killed Blork the orc
  9096 | D:6      | Learned a level 4 spell: Olgreb's Toxic Radiance
  9357 | D:6      | You fall into a shaft and drop 1 floor!
  9734 | D:7      | Found a white marble altar of Elyvilon.
  9807 | D:7      | Found a staircase to the Ecumenical Temple.
  9867 | D:7      | Found a sacrificial altar of Ru.
 10022 | Temple   | Entered the Ecumenical Temple
 10455 | D:8      | Reached skill level 7 in Evocations
 10498 | D:8      | Reached XP level 9. HP: 39/39 MP: 16/21
 10763 | D:8      | Found a flagged portal.
 10784 | Bailey   | Entered a bailey
 12074 | Bailey   | Reached skill level 8 in Evocations
 12677 | Bailey   | Noticed Grum
 12900 | Bailey   | Killed Grum
 13533 | D:8      | Reached skill level 5 in Poison Magic
 13594 | D:8      | Reached XP level 10. HP: 44/44 MP: 7/24
 13943 | D:8      | Found a corrupted altar of Lugonu.
 14161 | D:8      | Found a transporter.
 14161 | D:8      | Found a transporter.
 14203 | D:9      | Noticed Maurice
 14638 | D:9      | Reached skill level 9 in Evocations
 14854 | D:9      | Killed Maurice
 15126 | D:9      | Found a runed translucent door.
 15717 | D:9      | Reached skill level 10 in Spellcasting
 15999 | D:9      | Noticed issech's ghost (novice TrMo)
 16301 | D:9      | Found a staircase to the Lair.
 16330 | D:9      | Reached skill level 10 in Air Magic
 16342 | D:9      | Reached skill level 10 in Evocations
 16705 | D:9      | Reached XP level 11. HP: 47/47 MP: 17/26
 16850 | D:9      | Bought a glowing robe for 74 gold pieces
 17258 | D:10     | Entered Level 10 of the Dungeon
 17412 | Lair:1   | Entered Level 1 of the Lair of Beasts
 17412 | Lair:1   | Found a hazy altar of Hepliaklqana.
 17457 | Lair:1   | Learned a level 5 spell: Lightning Bolt
 17470 | Lair:1   | Noticed a seven-headed hydra
 17481 | Lair:1   | Killed a seven-headed hydra
 17821 | Lair:1   | Reached skill level 1 in Fighting
 18155 | Lair:1   | Got Sif Muna's Catalogue of Moulding and Snow
 18293 | Lair:1   | Identified a scroll of acquirement
 18293 | Lair:1   | Acquired a book of Spectacle
 18300 | Lair:1   | Learned a level 4 spell: Iskenderun's Mystic Blast
 18598 | Lair:2   | Reached skill level 1 in Translocations
 19082 | Lair:2   | Learned a level 5 spell: Irradiate
 19760 | Lair:2   | Reached skill level 5 in Stealth
 19836 | Lair:2   | Reached skill level 11 in Evocations
 20175 | Lair:2   | Reached skill level 5 in Dodging
 20212 | Lair:2   | Reached XP level 12. HP: 56/56 MP: 2/28
 20459 | Lair:2   | Noticed a four-headed hydra
 20465 | Lair:2   | Killed a four-headed hydra
 20952 | Lair:3   | Noticed a five-headed hydra
 21682 | Lair:3   | Noticed an eight-headed hydra
 21686 | Lair:3   | Killed an eight-headed hydra
 21835 | Lair:3   | Noticed a four-headed hydra
 21846 | Lair:3   | Killed a four-headed hydra
 21847 | Lair:3   | Reached skill level 5 in Translocations
 21962 | Lair:3   | Found a hole to the Spider Nest.
 22036 | Lair:3   | Reached skill level 1 in Transmutations
 22332 | Lair:3   | Killed a five-headed hydra
 22844 | Lair:3   | Found a staircase to the Swamp.
 23635 | Lair:4   | Found a runed translucent gate.
 23635 | Lair:4   | Found a runed translucent gate.
 23635 | Lair:4   | Found a runed translucent gate.
 23636 | Lair:4   | Noticed an azure jelly
 23636 | Lair:4   | Noticed an acid blob
 23641 | Lair:4   | Noticed an azure jelly
 23641 | Lair:4   | Noticed an azure jelly
 23642 | Lair:4   | Noticed a quicksilver ooze
 23642 | Lair:4   | Noticed an acid blob
 23642 | Lair:4   | Noticed Wairalebb's ghost (journeyman BaFi)
 23643 | Lair:4   | Noticed an acid blob
 23645 | Lair:4   | Found a viscous altar of Jiyva.
 23645 | Lair:4   | Found the +9 staff of Wucad Mu {*channel}
 23917 | Lair:4   | Noticed a death yak
 23952 | Lair:4   | Reached skill level 12 in Evocations
 23959 | Lair:4   | Killed a death yak
 24688 | Lair:4   | Noticed Urug
 24752 | Lair:4   | Killed Urug
 25060 | Lair:4   | Reached XP level 13. HP: 61/61 MP: 25/29
 25532 | Lair:4   | Reached XP level 14. HP: 66/66 MP: 30/30
 25810 | Lair:5   | Bought the amulet "Dexuv" {+Inv Regen+} for 704 gold pieces
 25810 | Lair:5   | Bought the ring of Woavuime {rPois Str+5} for 600 gold
                  | pieces
 26062 | Lair:5   | Found a staircase to the Slime Pits.
 27676 | Lair:6   | Entered Level 6 of the Lair of Beasts
 27879 | Lair:6   | Reached skill level 5 in Transmutations
 28578 | Lair:6   | Reached skill level 5 in Fighting
 29430 | Lair:6   | Identified the +7 trident of pkoi's Execution {freeze, rF-
                  | rN+ Will+ Int+4}
 29953 | Lair:6   | Reached skill level 13 in Evocations
 33097 | Lair:6   | Learned a level 5 spell: Freezing Cloud
 33786 | Lair:6   | Reached XP level 15. HP: 73/73 MP: 24/31
 33852 | Lair:6   | Found a corrupted altar of Lugonu.
 33852 | Lair:6   | Found a one-way gate to the infinite horrors of the Abyss.
 33861 | Lair:6   | Identified the +1 spear of Chance {drain, rElec}
 34178 | D:10     | Reached skill level 1 in Ice Magic
 34736 | D:10     | Found a bloodstained altar of Trog.
 35748 | D:10     | Reached skill level 10 in Dodging
 36678 | D:10     | Reached skill level 10 in Translocations
 37123 | Lair:3   | Got the Handbook of the Shrike
 37276 | D:11     | Noticed Sonja
 37301 | D:11     | Killed Sonja
 38473 | D:11     | Found a staircase to the Orcish Mines.
 38955 | D:11     | Bought a runed robe for 107 gold pieces
 38955 | D:11     | Bought an embroidered robe for 107 gold pieces
 39506 | D:12     | Reached skill level 14 in Evocations
 39845 | D:12     | Identified the +8 dagger "Qyguatti" {flame, Will+ Str+4}
 40530 | D:12     | Found Piraopn's Mayhem Merchandise.
 42121 | D:13     | Noticed Jorgrun
 42170 | D:13     | Killed Jorgrun
 42449 | D:13     | Noticed Snorg
 42597 | Swamp:1  | Entered Level 1 of the Swamp
 42907 | Swamp:1  | Found a runed translucent gate.
 42907 | Swamp:1  | Found a runed translucent gate.
 42907 | Swamp:1  | Found a runed translucent gate.
 42952 | Swamp:1  | Noticed TickTock's ghost (journeyman MiBe)
 42952 | Swamp:1  | Noticed a thorn hunter
 42981 | Swamp:1  | Noticed a thorn hunter
 43003 | Swamp:1  | Identified the +3 dagger "Newtslayer" {vamp, rPois rF+
                  | Int+3}
 43390 | Swamp:1  | Identified the +8 falchion of Xyahu {freeze, rElec Will-
                  | Int+5 SInv}
 46070 | Swamp:2  | Slain by a goliath frog

Illustrated notes

Levels and vault maps discovered:
D:1:      psy_arrival_dodecagon, layout_loops_ring, minmay_curled_crystal,
          glass_columns_c
D:2:      layout_basic, basic_altar, chequers_ecumenical_altar_island
D:3:      layout_basic, lightli_temple_of_fire, ebering_ghost_reflecting_pool
D:4:      layout_loops_ring, fedhas_ov_isle_minmay,
          chequers_serial_rivers_micro_e, minmay_misc_feat_secret_circle,
          uniq_grinder, uniq_sigmund
D:5:      layout_basic, mainiacjoe_overflow_catwalk, serial_shops,
          nicolae_shop_overgrown_old_shop, portal_sewer_entry_e
D:6:      layout_loops_ring, doesnt_xom_only_xom, grunt_gozag_statues,
          minmay_shop_damaged, chequers_serial_rivers_small_3, uniq_duvessa,
          uniq_blork_the_orc
D:7:      layout_basic, nicolae_elyvilon_temple_path,
          mainiacjoe_overflow_alcove_2, minmay_temple_entry_nine_rooms,
          serial_rivers, chequers_serial_rivers_micro_d,
          chequers_serial_rivers_marsh, chequers_serial_rivers_room_a,
          chequers_serial_rivers_room_a, chequers_serial_rivers_small_b,
          chequers_serial_rivers_micro_b
D:8:      gammafunk_corrupted_shrine, layout_basic, enter_bailey_3,
          nicolae_two_hexagons, hangedman_decor_push, nicolae_figureground_pulse
D:9:      layout_stronghold, minmay_lair_entry_grove,
          ebering_ghost_reflecting_pool, lightli_orcish_oven, uniq_maurice
D:10:     layout_loops_ring, mainiacjoe_overflow_six_doors_small,
          serial_park_tiny_1
D:11:     layout_cave_pools, erik_orc_3, uniq_sonja
D:12:     layout_basic, minmay_shop_mayhem
D:13:     layout_small_grid, lightli_vaults_fourway_checkpoint, serial_rivers,
          chequers_serial_rivers_micro_e, chequers_serial_rivers_micro_e,
          chequers_serial_rivers_room_b, chequers_serial_rivers_small_a,
          uniq_kirke, uniq_jorgrun, uniq_snorg
Temple:   jpeg_temple_clearing
Lair:1:   layout_cave_shapes, basic_altar
Lair:2:   layout_layer_cave, minivault_19, grunt_megastairs_5,
          lemuel_fruit_fields
Lair:3:   layout_loops_ring, skrybe_swamp_entry_bodies, dummy_spider_entry,
          minmay_lair_oklob_items, grunt_megastairs_4, lemuel_fruit_fields
Lair:4:   layout_cave_pods, gammafunk_ghost_ooze, uniq_urug
Lair:5:   layout_cave_pods, minmay_slime_entry_jelly_boxes, grunt_megastairs_3
Lair:6:   hellmonk_lair_end_abyssal_woods, layout_misc_corridors
Swamp:1:  layout_falls_marsh, gammafunk_ghost_split, nicolae_swamp_treefoil,
          swamp_pool2
Swamp:2:  layout_falls_marsh, evilmike_swamp_ruin_house_5

Skill      XL: |  1  2  3  4  5  6  7  8  9 10 11 12 13 14 15 |
---------------+----------------------------------------------+-----
Spellcasting   | 3 4 5 6 7 9 10 11 | 11.6
Air Magic      | 3 4 5 7 8 10 11 | 11.0
Conjurations   | 1 2 3 4 6 7 8 |  8.0
Evocations     | 1 3 4 5 7 8 10 11 12 13 14 | 14.7
Poison Magic   | 1 2 3 5 6 7 |  7.7
Dodging        | 5 7 9 11 | 11.3
Fighting       | 2 4 5 7 |  7.1
Translocations | 3 6 9 11 | 11.5
Stealth        | 5 8 9 |  9.0
Transmutations | 3 7 9 |  9.7
Ice Magic      | 3 |  3.2

Action                   |  1- 3 |  4- 6 |  7- 9 | 10-12 | 13-15 || total
-------------------------+-------+-------+-------+-------+-------++-------
Melee: Whip              |       |     2 |     5 |       |       ||     7
       Punch             |       |     1 |       |       |     1 ||     2
       Demon whip        |       |       |       |       |    33 ||    33
 Cast: Shock             |   119 |    97 |   215 |       |       ||   431
       Poisonous Vapours |       |       |    90 |   118 |   187 ||   395
       Airstrike         |       |       |    34 |   142 |   525 ||   701
       Olgreb's Toxic Ra |       |       |       |    30 |    41 ||    71
       Iskenderun's Myst |       |       |       |     3 |     1 ||     4
       Static Discharge  |       |       |       |     2 |     4 ||     6
       Freezing Cloud    |       |       |       |       |    10 ||    10
       Lightning Bolt    |       |       |       |       |    10 ||    10
       Irradiate         |       |       |       |       |     3 ||     3
Invok: Call Merchant     |       |       |       |     1 |     3 ||     4
Evoke: Wand              |       |     1 |       |       |     9 ||    10
  Use: Scroll            |     7 |     1 |     5 |     6 |     4 ||    23
       Potion            |     1 |       |       |       |     4 ||     5
Armor: Robe              |       |       |     3 |     6 |    14 ||    23
Dodge: Dodged            |    14 |    12 |    72 |    60 |   139 ||   297
